 Dungeon Crawl Stone Soup version 0.20.1-1-g8b1a95d (webtiles) character file.

115 Linguinho the Sneak (level 4, -4/21 HPs)
             Began as a Spriggan Enchanter on Oct 31, 2017.
             Slain by Grinder (5 damage)
             ... while paralysed by Grinder
             ... on level 3 of the Dungeon.
             The game lasted 00:04:20 (2078 turns).

Linguinho the Sneak (Spriggan Enchanter)            Turns: 2078, Time: 00:04:22

Health: -4/21      AC:  4    Str:  4    XL:     4   Next: 68%
Magic:  8/10       EV:  4    Int: 16    God:
Gold:   59         SH:  0    Dex: 17    Spells: 0/9 levels left

rFire    . . .     SeeInvis +   f - +0 dagger (drain)
rCold    . . .     Gourm    .   (shield restricted)
rNeg     . . .     Faith    .   b - +0 robe
rPois    .         Spirit   .   l - +1 hat
rElec    .         Reflect  .   m - +0 cloak
rCorr    .         Harm     .   (gloves unavailable)
MR       .....                  (boots unavailable)
Stlth    +++.......             (no amulet)
Regen    0.1/turn               (no ring)
MPRegen  0.2/turn               (no ring)

@: paralysed, very quick
A: unfitting armour, see invisible, herbivore 3, speed 3, slow metabolism 2
a: no special abilities


You were on level 3 of the Dungeon.
You were not hungry.

You visited 1 branch of the dungeon, and saw 3 of its levels.

You collected 59 gold pieces.

Inventory:

Hand Weapons
 a - a +1 dagger
 f - a +0 dagger of draining (weapon)
Armour
 b - a +0 robe (worn)
 l - a +1 hat (worn)
 m - a +0 cloak (worn)
Jewellery
 h - an uncursed ring of wizardry {unknown}
Scrolls
 k - 2 scrolls of remove curse {unknown}
 o - a scroll of identify {unknown}
Potions
 e - a potion of heal wounds {unknown}
 g - a potion of magic {unknown}
 j - 3 potions of lignification {unknown}
 n - a potion of resistance {unknown}
Books
 c - a book of Maledictions

   Spells                             Type                      Level
   a - Corona                         Hexes                        1
   b - Ensorcelled Hibernation        Hexes/Ice                    2
   c - Confuse                        Hexes                        3
   d - Tukima's Dance                 Hexes                        3
   e - Dazzling Spray                 Conjuration/Hexes            3
Comestibles
 d - 2 bread rations
 i - a fruit


   Skills:
 + Level 0.2 Fighting
 + Level 1.7 Short Blades
 + Level 4.2 Dodging
 + Level 6.0 Stealth
 + Level 3.4 Spellcasting
 + Level 4.2 Hexes
 + Level 0.4 Ice Magic


You couldn't memorise any spells.
You knew the following spells:

 Your Spells              Type           Power        Failure   Level  Hunger
a - Corona                Hex            ###....      3%          1    None
b - Ensorcelled Hibernat  Hex/Ice        ##....       11%         2    ##.....
c - Confuse               Hex            ###.....     10%         3    ###....
d - Tukima's Dance        Hex            ###.....     10%         3    ###....


Dungeon Overview and Level Annotations

Branches:
Dungeon (3/15)

Altars:
Fedhas

Annotations:
D:3 Grinder


Innate Abilities, Weirdness & Mutations

You are very small and have problems with some larger weapons.
You are too small for most types of armour.
You have supernaturally acute eyesight. (SInv)
You are a herbivore.
You cover ground extremely quickly.
You need consume almost no food.


Message History

You hit Grinder.
Grinder is lightly wounded.
Grinder misses you.
Casting: Corona
Confirm with . or Enter, or press ? or * to list all spells.
Aiming: Ensorcelled Hibernation
Press: ? - help, Shift-Dir - straight line, f - kobold
Aim: a kobold (chance to defeat MR: 59%)
The kobold resists with significant effort.
The kobold throws a stone.
The stone misses you. Grinder gestures at you.
You suddenly lose the ability to move!
Grinder hits you!
You writhe in agony.
The kobold throws a stone.
The stone hits you but does no damage. Grinder gestures at you.
You resist with some effort.
The kobold throws a stone.
The stone barely misses you. Grinder hits you!
* * * LOW HITPOINT WARNING * * *
You writhe in agony.
You die...

#.#....# #......#
###...## #...#
#...# #...#
%####...#####.##
........(........
...K....(@(......
.........5.......
..####...#####...
. #...# ## #...#
#...# #...# ....


You could see Grinder and a kobold.

Vanquished Creatures
  4 adders
  3 oozes
  3 worms (D:2)
  A dart slug (D:2)
  3 leopard geckos
  9 bats
  3 giant cockroaches (D:2)
  4 goblins
  6 hobgoblins
  6 jackals
  A quokka (D:2)
  4 frilled lizards
  A kobold (D:1)
  5 rats
53 creatures vanquished.

Notes
Turn   | Place    | Note
-------+----------+-------------------------------------------
     0 | D:1      | Linguinho the Spriggan Enchanter began the quest for the Orb.
     0 | D:1      | Reached XP level 1. HP: 9/9 MP: 5/5
   342 | D:1      | Reached XP level 2. HP: 10/13 MP: 6/6
   346 | D:1      | Learned a level 2 spell: Ensorcelled Hibernation
  1065 | D:2      | Reached XP level 3. HP: 7/16 MP: 2/8
  1286 | D:2      | Reached skill level 5 in Stealth
  1407 | D:2      | Found a blossoming altar of Fedhas.
  1822 | D:2      | Reached XP level 4. HP: 21/21 MP: 6/9
  1832 | D:2      | Learned a level 3 spell: Confuse
  1836 | D:2      | Learned a level 3 spell: Tukima's Dance
  2030 | D:3      | Reached skill level 6 in Stealth
  2067 | D:3      | Noticed Grinder
  2075 | D:3      | Paralysed by Grinder for 5 turns
  2078 | D:3      | HP: 1/21 [Grinder (7)]
  2078 | D:3      | Slain by Grinder

Skill      XL: |  1  2  3  4 |
---------------+-------------+-----
Spellcasting   | 3 |  3.4
Hexes          | 4 |  4.2
Stealth        | 5 6 |  6.0
Dodging        | 4 |  4.2
Fighting       | |  0.2
Short Blades   | |  1.7
Ice Magic      | |  0.4

Action                   |  1- 3 |  4- 6 || total
-------------------------+-------+-------++-------
Melee: Dagger            |   134 |    30 ||   164
 Cast: Corona            |     8 |     1 ||     9
       Ensorcelled Hiber |     8 |     1 ||     9
 Stab: Sleeping          |    13 |     4 ||    17
       Distracted        |       |     1 ||     1
Armor: Robe              |    16 |     6 ||    22
Dodge: Dodged            |   128 |    22 ||   150
